 Dungeon Crawl Stone Soup version 0.25-a0-697-g890751e744 (webtiles) character file.

Game seed: 17960206821609240855, levelgen mode: deterministic

41 DasRunzen the Conjurer (level 3, 0/28 HPs)
             Began as a Demigod Conjurer on Apr 1, 2020.
             Slain by a bullfrog skeleton (4 damage)
             ... on level 2 of the Dungeon.
             The game lasted 00:03:09 (885 turns).

DasRunzen the Conjurer (Demigod Conjurer)            Turns: 885, Time: 00:03:09

Health: 0/28       AC:  3    Str: 11    XL:     3   Next: 16%
Magic:  5/8        EV: 13    Int: 21    God:
Gold:   48         SH:  0    Dex: 16    Spells: 3/6 levels left

rFire    . . .     SeeInvis .   e - +2 dagger (venom)
rCold    . . .     Gourm    .   (no shield)
rNeg     . . .     Faith    .   a - +1 robe
rPois    .         Spirit   .   (no helmet)
rElec    .         Reflect  .   (no cloak)
rCorr    .         Harm     .   (no gloves)
MR       .....                  (no boots)
Stlth    ++........             (no amulet)
HPRegen  0.09/turn              (no ring)
MPRegen  0.11/turn              (no ring)

@: no status effects
A: high mp 1
a: no special abilities


You were on level 2 of the Dungeon.
You were not hungry.

You visited 1 branch of the dungeon, and saw 2 of its levels.

You collected 48 gold pieces.

Inventory:

Hand Weapons
 e - a +2 dagger of venom (weapon)
Armour
 a - a +1 robe (worn)
Jewellery
 i - an uncursed ring of wizardry
Potions
 b - a potion of curing
 j - a potion of flight {unknown}
 l - a potion of haste {unknown}
Comestibles
 c - 5 rations


   Skills:
 + Level 1.1 Fighting
 + Level 2.2 Dodging
 - Level 1.7 Stealth
 + Level 2.2 Spellcasting
 + Level 3.9 Conjurations


You had 3 spell levels left.
You knew the following spells:

 Your Spells              Type           Power        Failure   Level  Hunger
a - Magic Dart            Conj           ###.         2%          1    #......
b - Searing Ray           Conj           ###...       4%          2    ##.....

Your spell library contained the following spells:

 Spells                   Type           Power        Failure   Level  Hunger
 Dazzling Flash           Conj/Hex       ##....       19%         3    ###....
 Fulminant Prism          Conj/Hex       ##........   54%         4    #####..
 Iskenderun's Mystic Bla  Conj/Tloc      ##......     54%         4    #####..


Dungeon Overview and Level Annotations

Branches:
Dungeon (2/15)

Annotations:
D:2 Robin


Innate Abilities, Weirdness & Mutations

You have an increased reservoir of magic. (+10% MP)


Message History

The bullfrog skeleton closely misses you.
The goblin hits you with a +0 dagger. The bullfrog skeleton hits you.
* * * LOW HITPOINT WARNING * * *
You barely miss the bullfrog skeleton.
The bullfrog skeleton is lightly damaged.
The goblin hits you with a +0 dagger.
* * * LOW HITPOINT WARNING * * *
The bullfrog skeleton barely misses you.
You hit the bullfrog skeleton.
The bullfrog skeleton is lightly damaged.
The goblin completely misses you. The bullfrog skeleton hits you.
* * * LOW HITPOINT WARNING * * *
You hit the bullfrog skeleton.
The bullfrog skeleton is moderately damaged.
The bullfrog skeleton closely misses you.
The goblin hits you but does no damage.
You hit the bullfrog skeleton.
The bullfrog skeleton is heavily damaged.
The bullfrog skeleton hits you.
You die...

#.# ##.## ....# ..
... ... #.# ...
... #.# #g# #.#
#.# #Z# #.# #.#
#@# #K# #.# #g#
#####.# ##.## #l#
)†....####...###g#
#####....g...l.gg#
######...#####
##.## #.# #.#


You could see Robin, 4 goblins, a frilled lizard and a bullfrog skeleton.

Vanquished Creatures
  An adder (D:2)
  A dart slug (D:1)
  A giant cockroach (D:1)
  6 goblins
  6 hobgoblins
  5 bats
  3 frilled lizards
  A kobold (D:1)
  5 rats
29 creatures vanquished.

Notes
Turn   | Place    | Note
-------+----------+-------------------------------------------
     0 | D:1      | DasRunzen the Demigod Conjurer began the quest for the Orb.
     0 | D:1      | Reached XP level 1. HP: 14/14 MP: 5/5
   107 | D:1      | Reached XP level 2. HP: 13/22 MP: 4/7
   552 | D:1      | Learned a level 2 spell: Searing Ray
   780 | D:2      | Reached skill level 1 in Fighting
   827 | D:2      | Noticed Robin
   861 | D:2      | Reached XP level 3. HP: 20/28 MP: 3/8
   885 | D:2      | Slain by a bullfrog skeleton

Levels and vault maps discovered:
D:1:      scummos_arrival_simple_crosswalls, layout_basic, minivault_26,
          corexii_leaking_fountain, minmay_indecisive_spiral
D:2:      layout_loops_ring, uniq_robin

Skill      XL: |  1  2 |
---------------+-------+-----
Dodging        | 2 |  2.2
Spellcasting   | 2 |  2.2
Fighting       | 1 |  1.1
Stealth        | |  1.7
Conjurations   | |  3.9

Action                   || total
-------------------------++-------
Melee: Dagger            ||    32
 Cast: Magic Dart        ||    32
       Searing Ray       ||     1
  Use: Scroll            ||     6
Armor: Robe              ||    15
Dodge: Dodged            ||    31

Table legend:
 A = Non-vault XP
 B = Vault XP
 C = Vault XP percentage of total XP
 D = Non-vault monster count
 E = Vault monster count
 F = Vault count percentage of total count
                 A         B        C        D         E       F
            +---------+---------+-------+---------+---------+-------
      Total |      47 |      12 |  20.3 |      21 |       8 |  27.6
            +---------+---------+-------+---------+---------+-------
        D:1 |      23 |       5 |  17.9 |      14 |       4 |  22.2
        D:2 |      24 |       7 |  22.6 |       7 |       4 |  36.4
            +---------+---------+-------+---------+---------+-------
